 Dungeon Crawl Stone Soup version 0.20-a0-1020-g7b9e4fe (webtiles) character file.

3356 Duffy the Firebug (level 9, -13/55 HPs)
             Began as a Deep Elf Fire Elementalist on Apr 19, 2017.
             Was a Believer of Vehumet.
             Shot with a sling bullet by Joseph (21 damage)
             ... on level 8 of the Dungeon.
             The game lasted 00:12:21 (9075 turns).

Duffy the Firebug (Deep Elf Fire Elementalist)      Turns: 9075, Time: 00:12:22

Health: -13/55     AC:  7    Str:  5    XL:     9   Next: 73%
Magic:  1/20       EV: 16    Int: 24    God:    Vehumet [**....]
Gold:   459        SH:  8    Dex: 20    Spells: 8/21 levels left

rFire    . . .     SeeInvis .   g - +2 dagger (venom)
rCold    . . .     Gourm    .   E - +2 buckler
rNeg     . . .     Faith    .   a - +0 robe
rPois    .         Spirit   .   n - +1 helmet
rElec    .         Reflect  .   t - +2 cloak
rCorr    .         Harm     .   (no gloves)
MR       +....                  (no boots)
Stlth    ++........             e - amulet of regeneration
Regen    0.0/turn               A - ring of protection from magic
MPRegen  0.2/turn               C - +3 ring of dexterity

@: no status effects
A: hooves 1, agile 1, inhibited regeneration
a: Renounce Religion


You were on level 8 of the Dungeon.
You worshipped Vehumet.
Vehumet was pleased with you.
You were not hungry.

You visited 2 branches of the dungeon, and saw 9 of its levels.
You also visited: Sewer.

You collected 459 gold pieces.

Inventory:

Hand Weapons
 g - a +2 dagger of venom (weapon)
Armour
 a - a +0 robe (worn)
 n - a +1 helmet (worn)
 t - a +2 cloak (worn)
 z - a scarf of cold resistance
 E - a +2 buckler (worn)
Jewellery
 e - an amulet of regeneration (around neck)
 o - an uncursed ring of ice
 A - a ring of protection from magic (left hand)
 C - a +3 ring of dexterity (right hand)
Wands
 r - a wand of iceblast (9/15)
 y - a wand of acid (5/15)
Scrolls
 d - 6 scrolls of identify
 f - a scroll of noise {unknown}
 j - 5 scrolls of remove curse
 k - 6 scrolls of teleportation
 l - a scroll of random uselessness {unknown}
 p - a scroll of immolation
 s - 5 scrolls of enchant armour
 u - a scroll of magic mapping
 v - a scroll of recharging {unknown}
 B - a scroll of amnesia {unknown}
Potions
 h - a potion of lignification
 q - 2 potions of heal wounds
 x - 2 potions of haste
Books
 b - a book of Flames

   Spells                             Type                      Level
   a - Flame Tongue                   Conjuration/Fire             1
   b - Throw Flame                    Conjuration/Fire             2
   c - Conjure Flame                  Conjuration/Fire             3
   d - Inner Flame                    Hexes/Fire                   3
   e - Sticky Flame                   Conjuration/Fire             4
   f - Fireball                       Conjuration/Fire             5
Comestibles
 c - 9 bread rations
 i - 6 meat rations
 m - 3 royal jellies
 w - 6 fruits
 D - a chunk of flesh


   Skills:
 - Level 6.0 Fighting
 - Level 5.0 Dodging
 - Level 2.4 Stealth
 - Level 4.5 Shields
 + Level 6.5 Spellcasting
 * Level 6.6 Conjurations
 * Level 7.3 Fire Magic


You had 8 spell levels left.
You knew the following spells:

 Your Spells              Type           Power        Failure   Level  Hunger
h - Flame Tongue          Conj/Fire      #####        1%          1    None
j - Sticky Flame          Conj/Fire      #####...     4%          4    ###....
k - Fireball              Conj/Fire      #####.....   14%         5    #####..
l - Conjure Flame         Conj/Fire      #####...     1%          3    None


Dungeon Overview and Level Annotations

Branches:
Dungeon (8/15)             Temple (1/1) D:4
   Lair: D:8-11

Altars:
Ashenzari
Cheibriados
Dithmenos
Elyvilon
Fedhas
Gozag
Hepliaklqana
Kikubaaqudgha
Makhleb
Nemelex Xobeh
Okawaru
Qazlal
Ru
Sif Muna
Trog
Uskayaw
Vehumet
Wu Jian
Xom
Yredelemnul
Zin
The Shining One

Annotations:
D:8 Joseph


Innate Abilities, Weirdness & Mutations

You have large cloven feet.
You are agile. (Dex +2)
You do not regenerate when monsters are visible.


Message History

Confirm with . or Enter, or press ? or * to list all spells.
Aiming: Flame Tongue
Press: ? - help, Shift-Dir - straight line, f/p - orc priest
Aim: an orc priest, wielding a dagger and wearing a chain mail (almost dead)
The flame tongue hits the orc priest.
The orc priest appears unharmed.
The orc priest is almost dead.
The orc priest looks braver for a moment.
You hit the orc priest but do no damage.
The orc priest is poisoned.
The orc priest is almost dead.
The orc completely misses you.
The orc priest mumbles some strange prayers to Beogh against you.
Pain shoots through your body!
You hit the orc priest but do no damage.
The orc priest looks as sick as possible!
The orc priest is almost dead.
You kill the orc priest!
Vehumet accepts your kill.
Joseph shoots a sling bullet.
The sling bullet hits you!!
You die...

#####* #....* *****###(...*
###### #####
,,,,,.......###....# #...# *
,,,,,.....)........# #...# *
,,,,,.....%..).o...###...# *
,,,,,##.......Y)@........# *
,,,,,*#.....######.......###
*
,,,,,*#...##*#...#.........#
*
,,,,,*#...####...#.....@...#
*
,,****#....................#
*
,,,,,...,.........######.###
*
,,***###,##...###(#...##.##
*
,,,,,,,,,................>#
*
********,.....###.....##).#
*


You could see Joseph, a sky beast and an orc.

Vanquished Creatures
  A hippogriff (D:8)
  A spriggan (D:7)
  3 ice beasts
  Purgy (Sewer)
  4 orc warriors
  A sky beast (D:7)
  A black bear (D:8)
  The ghost of asd the Skirmisher, an amateur DsAK of Lugonu (D:3)
  2 centaurs (D:6)
  2 ogres
  A bullfrog (D:8)
  4 scorpions
  A howler monkey (D:3)
  8 crimson imps
  2 bullfrog zombies
  A bullfrog skeleton (D:8)
  2 jellies
  5 orc priests
  2 hounds
  2 centaur skeletons (D:4)
  8 orc wizards
  10 worker ants
  A worker ant zombie (D:8)
  8 adders
  A river rat (D:3)
  3 shadow imps
  4 oozes
  3 adder skeletons
  A worm (D:2)
  4 dart slugs
  3 leopard geckos
  18 orcs
  6 giant cockroaches
  6 goblins
  7 hobgoblins
  14 jackals
  6 quokkas
  A ball python (D:1)
  5 bats
  2 frilled lizards
  11 kobolds
  12 rats
179 creatures vanquished.

Notes
Turn   | Place    | Note
-------+----------+-------------------------------------------
     0 | D:1      | Duffy the Deep Elf Fire Elementalist began the quest for the Orb.
     0 | D:1      | Reached XP level 1. HP: 10/10 MP: 6/6
   218 | D:1      | Reached XP level 2. HP: 15/15 MP: 6/8
   819 | D:1      | Reached XP level 3. HP: 19/19 MP: 7/9
   824 | D:1      | Learned a level 3 spell: Conjure Flame
   982 | D:2      | You fall through a shaft!
   982 | D:3      | Found a glowing drain.
  1016 | D:3      | Reached skill level 4 in Fire Magic
  1123 | Sewer    | Entered a sewer
  1217 | Sewer    | Noticed Purgy
  1250 | Sewer    | Killed Purgy
  1250 | Sewer    | Reached XP level 4. HP: 11/24 MP: 7/12
  1250 | Sewer    | Reached XP level 5. HP: 12/28 MP: 7/13
  1391 | D:3      | Learned a level 4 spell: Sticky Flame
  1846 | D:2      | Found a stormy altar of Qazlal.
  1901 | D:2      | Learned a level 5 spell: Fireball
  1920 | D:2      | Found a hazy altar of Hepliaklqana.
  1968 | D:2      | Found an opulent altar of Gozag.
  2341 | D:2      | Found a sparkling altar of Nemelex Xobeh.
  2433 | D:2      | Reached skill level 5 in Fire Magic
  2851 | D:3      | Noticed asd's ghost (amateur DsAK)
  2889 | D:3      | Killed asd's ghost
  2889 | D:3      | Reached skill level 5 in Spellcasting
  2889 | D:3      | Reached XP level 6. HP: 27/32 MP: 5/15
  3028 | D:3      | Found an ornate altar of the Wu Jian Council.
  3515 | D:4      | Reached skill level 6 in Fire Magic
  3785 | D:4      | Found a hide-covered altar of Uskayaw.
  3796 | D:4      | Reached XP level 7. HP: 36/36 MP: 14/17
  3800 | D:4      | Reached skill level 5 in Conjurations
  4016 | D:4      | Reached skill level 1 in Fighting
  4219 | D:4      | Found a staircase to the Ecumenical Temple.
  4375 | Temple   | Entered the Ecumenical Temple
  4436 | Temple   | Became a worshipper of Vehumet
  4670 | D:5      | Entered Level 5 of the Dungeon
  4805 | D:5      | Found an ancient bone altar of Kikubaaqudgha.
  5121 | D:5      | Reached skill level 1 in Shields
  5279 | D:5      | Found a sparkling altar of Nemelex Xobeh.
  5522 | D:6      | Reached XP level 8. HP: 38/46 MP: 10/18
  5866 | D:5      | Reached * piety under Vehumet
  5866 | D:5      | Offered knowledge of Sting by Vehumet.
  6572 | D:6      | Found a bloodstained altar of Trog.
  6637 | D:6      | Found a deep blue altar of Sif Muna.
  6716 | D:6      | Reached skill level 5 in Fighting
  6959 | D:7      | Offered knowledge of Sandblast by Vehumet.
  7036 | D:7      | Reached ** piety under Vehumet
  7036 | D:7      | Reached XP level 9. HP: 54/54 MP: 15/19
  7471 | D:7      | Gained mutation: Your spells are a little harder to cast, but a little more powerful. [mutagenic meat]
  7472 | D:7      | Gained mutation: You do not regenerate when monsters are visible. [mutagenic meat]
  7473 | D:7      | Gained mutation: You are agile. (Dex +2) [mutagenic meat]
  7474 | D:7      | Lost mutation: Your spells are a little harder to cast, but a little more powerful. [mutagenic meat]
  7475 | D:7      | Gained mutation: You have large cloven feet. [mutagenic meat]
  8188 | D:8      | Reached skill level 5 in Dodging
  8844 | D:8      | Reached skill level 7 in Fire Magic
  8966 | D:8      | Noticed Joseph
  9075 | D:8      | Shot with a sling bullet by Joseph

Vault maps used:
D:1:      minmay_arrival_checkered_box
D:2:      nicolae_overflow_crystal_walls, lemuel_coloured_pillars_altar,
          marbit_many_paths, minmay_misc_feat_plants, grunt_gozag_breadcrumbs
D:3:      nicolae_overflow_hidden_temple, portal_sewer_entry_a
D:4:      eat_drink_and_be_merry_uskayaw, minmay_temple_entry_hall, first_bread
D:5:      kennysheep_little_box, basic_altar, minmay_misc_feat_chi
D:6:      led_sif_book, bloody_trog, minmay_misc_feat_iff
D:7:      the_bakery
D:8:      basic_altar, uniq_joseph
Temple:   eino_temple_lava
Sewer:    sewer_the_crocodile

Skill      XL: |  1  2  3  4  5  6  7  8  9 |
---------------+----------------------------+-----
Conjurations   | 2 3 4 5 6 |  6.6
Fire Magic     | 4 5 6 7 |  7.3
Spellcasting   | 4 5 6 |  6.5
Fighting       | 3 5 6 |  6.0
Shields        | 2 4 |  4.5
Dodging        | 5 |  5.0
Stealth        | |  2.4

Action                   |  1- 3 |  4- 6 |  7- 9 || total
-------------------------+-------+-------+-------++-------
Melee: Dagger            |    14 |       |   174 ||   188
       Kick              |       |       |     8 ||     8
 Cast: Flame Tongue      |    66 |   100 |   202 ||   368
       Conjure Flame     |       |     1 |    12 ||    13
       Sticky Flame      |       |     5 |    23 ||    28
       Fireball          |       |       |     3 ||     3
  Use: Scroll            |       |     1 |     9 ||    10
  Eat: Chunk             |     1 |     8 |    23 ||    32
       Bread ration      |       |       |     1 ||     1
Armor: Robe              |     9 |    10 |    83 ||   102
Dodge: Dodged            |    41 |    21 |   158 ||   220
Block: Buckler           |       |       |    67 ||    67
